 Dungeon Crawl Stone Soup version 0.23.2-33-g5129a83184 (webtiles) character file.

Game seed: 16832801426509597331

185 Exodus22XD the Magician (level 5, -5/28 HPs)
             Began as a Deep Elf Wizard on July 2, 2019.
             Was an Initiate of Vehumet.
             Killed by divine providence
             ... invoked by an orc priest
              (15 damage)
             ... on level 4 of the Dungeon.
             The game lasted 00:10:44 (3533 turns).

Exodus22XD the Magician (Deep Elf Wizard)           Turns: 3533, Time: 00:10:45

Health: -5/28      AC:  2    Str:  4    XL:     5   Next: 37%
Magic:  5/13       EV: 28    Int: 24    God:    Vehumet [......]
Gold:   132        SH:  0    Dex: 13    Spells: 4/12 levels left

rFire    . . .     SeeInvis .   s - +0 spear
rCold    . . .     Gourm    .   (no shield)
rNeg     . . .     Faith    .   a - +0 robe
rPois    .         Spirit   .   b - +0 hat
rElec    .         Reflect  .   (no cloak)
rCorr    .         Harm     .   (no gloves)
MR       .....                  (no boots)
Stlth    ++........             h - amulet of the acrobat
HPRegen  0.09/turn              (no ring)
MPRegen  0.13/turn              (no ring)

@: acrobat
A: no striking features
a: Renounce Religion


You were on level 4 of the Dungeon.
You worshipped Vehumet.
Vehumet was noncommittal.
You were hungry.

You visited 2 branches of the dungeon, and saw 5 of its levels.

You collected 132 gold pieces.

Inventory:

Hand Weapons
 s - a +0 spear (weapon)
Armour
 a - a +0 robe (worn)
 b - a +0 hat (worn)
Jewellery
 h - an amulet of the acrobat (around neck)
Wands
 e - a wand of paralysis (8)
Scrolls
 c - a scroll of amnesia {unknown}
 j - 2 scrolls of remove curse
 k - a scroll of teleportation {unknown}
 m - a scroll of fear {unknown}
 n - 3 scrolls of fog
 o - a scroll of immolation {unknown}
Potions
 f - a potion of berserk rage {unknown}
 g - a potion of cancellation {unknown}
 i - 2 potions of agility
 l - a potion of invisibility {unknown}
 p - 2 potions of brilliance
 q - a potion of heal wounds {unknown}
Comestibles
 d - 6 rations


   Skills:
 - Level 2.4 Dodging
 - Level 2.4 Stealth
 - Level 4.4 Spellcasting
 - Level 3.0 Conjurations
 - Level 3.1 Summonings
 - Level 2.0 Translocations
 * Level 3.3 Fire Magic


You had 4 spell levels left.
You knew the following spells:

 Your Spells              Type           Power        Failure   Level  Hunger
a - Magic Dart            Conj           ###.         2%          1    None
b - Call Imp              Summ           ###.....     3%          2    None
c - Blink                 Tloc           N/A          6%          2    None
d - Conjure Flame         Conj/Fire      ###.....     8%          3    ##.....

Your spell library contained the following spells:

 Spells                   Type           Power        Failure   Level  Hunger
 Slow                     Hex            #.......     14%         2    None
 Mephitic Cloud           Conj/Pois/Air  ##......     19%         3    ##.....


Dungeon Overview and Level Annotations

Branches:
Dungeon (4/15)             Temple (1/1) D:4

Altars:
Ashenzari
Cheibriados
Dithmenos
Elyvilon
Fedhas
Gozag
Hepliaklqana
Kikubaaqudgha
Makhleb
Nemelex Xobeh
Okawaru
Sif Muna
Trog
Uskayaw
Vehumet
Wu Jian
Xom
Yredelemnul
Zin
The Shining One


Message History

Your crimson imp blinks!
Your crimson imp barely misses the orc priest.
Your crimson imp hits the orc priest but does no damage.
Your crimson imp blinks!
Your crimson imp hits the orc priest but does no damage.
Your crimson imp hits the orc priest but does no damage.
The orc priest completely misses your crimson imp.
Your crimson imp hits the orc priest but does no damage.
Aiming: Paralyse
Press: ? - help, Shift-Dir - straight line, f/p - orc priest
Aim: an orc priest, wearing a +0 leather armour (lightly wounded, fire blocked by a granite statue, chance to defeat MR: 46%)
Okay, then.
Casting: Call Imp (safe; 3% risk of failure)
Confirm with . or Enter, or press ? or * to list all spells.
You can't see any susceptible monsters within range! (Use Z to cast anyway.)
Your crimson imp closely misses the orc priest.
The orc priest invokes the aid of Beogh against something.
Beogh smites you!
Ouch! That really hurt!
You die...

###[### ## ##>##
#.....##.## #...#
#.#.#.#...#####..!###
#.#.8.#....##.......#
#.........# #.......#
#.8.558#.## #.......#
##..o5.# ######......
+.#.8.#..............
####@.....#######.)..
##.#...# #.#.#
###...# ##.### ###
#...# ##.## ####.##.
#....... #.##.##.
#.##.##.


You could see an orc priest and 3 friendly crimson imps.

Vanquished Creatures
  A hound (D:4)
  An orc priest (D:4)
  A hound skeleton (D:3)
  2 gnolls (D:4)
  2 adders (D:3)
  An ooze (D:1)
  3 worms
  3 dart slugs
  A leopard gecko (D:2)
  3 orcs
  5 bats
  3 giant cockroaches
  2 gnoll zombies (D:2)
  2 goblins (D:1)
  6 hobgoblins
  3 jackals (D:3)
  4 kobolds
  2 quokkas
  2 ball pythons
  A ball python skeleton (D:3)
  6 frilled lizards
  10 rats
64 creatures vanquished.

Vanquished Creatures (collateral kills)
  A gnoll (D:4)
  An orc (D:4)
2 creatures vanquished.

Grand Total: 66 creatures vanquished

Notes
Turn   | Place    | Note
-------+----------+-------------------------------------------
     0 | D:1      | Exodus22XD the Deep Elf Wizard began the quest for the Orb.
     0 | D:1      | Reached XP level 1. HP: 10/10 MP: 7/7
   256 | D:1      | Reached XP level 2. HP: 15/15 MP: 7/9
   260 | D:1      | Learned a level 2 spell: Call Imp
   936 | D:2      | Reached XP level 3. HP: 19/19 MP: 7/10
  1168 | D:2      | Found a basalt altar of Yredelemnul.
  1779 | D:3      | Learned a level 2 spell: Blink
  1791 | D:3      | Reached XP level 4. HP: 24/24 MP: 7/12
  1894 | D:3      | Learned a level 3 spell: Conjure Flame
  2061 | D:3      | Reached skill level 1 in Fire Magic
  2130 | D:3      | Found a bloodstained altar of Trog.
  2732 | D:4      | Reached XP level 5. HP: 25/28 MP: 8/13
  3001 | D:4      | Found a glowing golden altar of the Shining One.
  3037 | D:4      | Found a staircase to the Ecumenical Temple.
  3072 | Temple   | Entered the Ecumenical Temple
  3362 | Temple   | Became a worshipper of Vehumet
  3533 | D:4      | Killed from afar by an orc priest

Skill      XL: |  1  2  3  4  5 |
---------------+----------------+-----
Conjurations   | 2 3 |  3.0
Summonings     | 3 |  3.1
Translocations | 2 |  2.0
Fire Magic     | 2 3 |  3.3
Dodging        | |  2.4
Stealth        | |  2.4
Spellcasting   | |  4.4

Action                   |  1- 3 |  4- 6 || total
-------------------------+-------+-------++-------
Melee: Spear             |       |     4 ||     4
 Cast: Magic Dart        |   111 |    73 ||   184
       Call Imp          |       |     6 ||     6
       Conjure Flame     |       |     1 ||     1
  Use: Scroll            |     1 |     4 ||     5
  Eat: Chunk             |     2 |     5 ||     7
Armor: Robe              |       |     1 ||     1
Dodge: Dodged            |     7 |     9 ||    16
